 Dungeon Crawl Stone Soup version 0.31-a0-259-g771a54ca4b (webtiles) character file.

Game seed: 3020066694149778194

25 qw the Shooter (level 2, 0/24 HPs)
             Began as a Minotaur Hexslinger on July 13, 2023.
             Succumbed to an adder's poison
             ... on level 2 of the Dungeon.
             The game lasted 00:00:20 (964 turns).

qw the Shooter (Minotaur Hexslinger)                 Turns: 964, Time: 00:00:21

Health: 0/24       AC:  2    Str: 12    XL:     2   Next: 86%
Magic:  2/2        EV: 12    Int: 10    God:
Gold:   72         SH:  0    Dex: 12    Spells: 2/3 levels left

rFire   . . .        Y - +1 sling
rCold   . . .        (no shield)
rNeg    . . .        c - +0 robe
rPois   .            (helmet restricted)
rElec   .            (no cloak)
rCorr   .            (no gloves)
SInv    .            (no boots)
Will    +....        (no amulet)
Stlth   +            i - ring of willpower
HPRegen 0.24/turn    (no ring)
MPRegen 0.08/turn

%: no passive effects
@: lethally poisoned (0 -> -4)
A: horns 2, retaliatory headbutt
a: no special abilities


You were on level 2 of the Dungeon.
You visited 1 branch of the dungeon, and saw 2 of its levels.

You collected 72 gold pieces.


Innate Abilities, Weirdness & Mutations

You have a pair of horns on your head.
You reflexively headbutt those who attack you in melee.


   Skills:
 - Level 2.0 Fighting
 + Level 3.5 Ranged Weapons
 - Level 2.1 Dodging
 - Level 1.0 Spellcasting
 - Level 2.0 Hexes


You had 2 spell levels left.
You knew the following spells:

 Your Spells              Type           Power      Damage    Failure   Level
a - Slow                  Hex            16%        N/A       16%         1

Your spell library contained the following spells:

 Spells                   Type           Power      Damage    Failure   Level
 Inner Flame              Hex/Fire       2%         N/A       56%         3
 Portal Projectile        Hex/Tloc       4%         N/A       56%         3
 Cause Fear               Hex            2%         N/A       83%         4

Inventory:

Hand Weapons
 Y - a +1 sling (weapon)
Armour
 b - a +0 ring mail
 c - a +0 robe (worn)
Jewellery
 i - a ring of willpower (left hand)
Scrolls
 h - a scroll of identify
Potions
 a - a potion of degeneration {unknown}
 d - a potion of invisibility {unknown}
 e - a potion of brilliance {unknown}
 g - a potion of mutation {unknown}
 j - 2 potions of curing

Dungeon Overview and Level Annotations

Branches:
Dungeon (2/15)

Altars:


Message History

Enter note: You shoot a sling bullet.
The sling bullet misses the adder.
You shoot a sling bullet.
The sling bullet closely misses the adder.
You shoot a sling bullet.
The sling bullet closely misses the adder.
The adder bites you.
You are poisoned.
The adder poisons you! The adder bites you.
You shoot a sling bullet.
The sling bullet barely misses the adder.
You feel sick. The adder bites you.
You shoot a sling bullet.
The sling bullet barely misses the adder.
You feel sick. The adder bites you. x2
You shoot a sling bullet.
The sling bullet closely misses the adder.
You feel sick. The adder closely misses you. The adder completely misses you.
You shoot a sling bullet. The sling bullet misses the adder.
You feel sick. The adder bites you but does no damage.
You shoot a sling bullet.
The sling bullet barely misses the adder.
You feel sick.
You are no longer poisoned.
The adder bites you but does no damage. The adder bites you.
You shoot a sling bullet. The sling bullet hits the adder.
The adder is moderately wounded.
The adder misses you.
You shoot a sling bullet.
The sling bullet hits the adder but does no damage.
The adder is moderately wounded.
The adder misses you. The adder closely misses you.
You shoot a sling bullet. The sling bullet hits the adder.
The adder is severely wounded.
The adder bites you. x2
You are lethally poisoned!
The adder poisons you!
You shoot a sling bullet.
The sling bullet barely misses the adder.
You die...

#... .. #.## #.
#.# #. ## . #.#
##. .####.. #.#
###..#......# #.#
###...........#
#.#
......S.......#
#.#
#@#############.#
#...............#
#.###############
#.# #.# #.# #.#
###


You could see an adder.

Vanquished Creatures
  2 dart slugs
  2 ball pythons
  2 bats (D:1)
  2 endoplasms (D:1)
  A giant cockroach (D:1)
  A goblin (D:1)
  3 hobgoblins (D:1)
  2 quokkas (D:1)
  A frilled lizard (D:1)
  2 kobolds (D:1)
  A rat (D:1)
19 creatures vanquished.

Notes
Turn   | Place    | Note
-------+----------+-------------------------------------------
     0 | D:1      | qw the Minotaur Hexslinger began the quest for the Orb.
     0 | D:1      | Reached XP level 1. HP: 16/16 MP: 1/1
     0 | D:1      | 0 ||| qw: Version: 0.3-a-52-g30416fa
     0 | D:1      | 0 ||| qw: Game counter: 6877
     0 | D:1      | 0 ||| qw: Melee chars always use a shield: true
     0 | D:1      | 0 ||| qw: God list: Okawaru
     0 | D:1      | 0 ||| qw: Allow faded altars: false
     0 | D:1      | 0 ||| qw: Do Orc after clearing Dungeon:15 true
     0 | D:1      | 0 ||| qw: Do second Lair branch before Depths: true
     0 | D:1      | 0 ||| qw: Lair rune preference: random
     0 | D:1      | 0 ||| qw: Goals: Normal
     0 | D:1      | 0 ||| PLANNING D:1-11
   160 | D:1      | Reached skill level 3 in Ranged Weapons
   167 | D:1      | Reached XP level 2. HP: 23/23 MP: 2/2
   699 | D:1      | 699 ||| UPGRADING to ring of willpower.
   700 | D:1      | 700 ||| READING scroll labelled LILUMM NYRHIUKLE.
   701 | D:1      | 701 ||| READING 2 scrolls labelled NILEOKHL RAUMY.
   702 | D:1      | 702 ||| DRINKING 2 clear potions.
   703 | D:1      | 703 ||| DROPPING scroll of poison.
   741 | D:2      | 741 ||| STAIRDANCE
   762 | D:2      | 762 ||| STAIRDANCE
   786 | D:2      | 786 ||| STAIRDANCE
   806 | D:2      | 806 ||| STAIRDANCE
   960 | D:2      | HP: 5/24 [adder (2)]
   963 | D:2      | HP: 1/24 [adder (3)]
   964 | D:2      | Succumbed to an adder's poison

Levels and vault maps discovered:
D:1:      tarquinn_simple_flora_water_a, layout_loops_cross
D:2:      layout_basic, minmay_joined_circles, uniq_robin

Skill      XL: |  1  2 |
---------------+-------+-----
Ranged Weapons | 3 |  3.5
Fighting       | 2 |  2.0
Dodging        | |  2.1
Spellcasting   | |  1.0
Hexes          | |  2.0

Action                     || total
---------------------------++-------
   Fire: Sling             ||    70
    Use: Scroll            ||     2
         Potion            ||     1
 Armour: Robe              ||     2
  Dodge: Dodged            ||    29

Table legend:
 A = Non-vault XP
 B = Vault XP
 C = Vault XP percentage of total XP
 D = Non-vault monster count
 E = Vault monster count
 F = Vault count percentage of total count
                 A         B        C        D         E       F
            +---------+---------+-------+---------+---------+-------
      Total |      37 |       0 |   0.0 |      19 |       0 |   0.0
            +---------+---------+-------+---------+---------+-------
        D:1 |      31 |       0 |   0.0 |      17 |       0 |   0.0
        D:2 |       6 |       0 |   0.0 |       2 |       0 |   0.0
            +---------+---------+-------+---------+---------+-------
